 Dungeon Crawl Stone Soup version 0.28.0 (webtiles) character file.

Game seed: 1302752992651721415

197 BeingJoeMalik the Cudgeller (level 5, -3/46 HPs)
             Began as a Draconian Monk on Feb 13, 2022.
             Was an Initiate of Gozag.
             Succumbed to a scorpion's poison
             ... on level 4 of the Dungeon.
             The game lasted 00:09:06 (3688 turns).

BeingJoeMalik the Cudgeller (Draconian Monk)        Turns: 3688, Time: 00:09:06

Health: -3/46      AC:  6    Str: 22    XL:     5   Next: 46%
Magic:  5/5        EV: 13    Int: 10    God:    Gozag
Gold:   292        SH:  0    Dex: 16    Spells: 4/4 levels left

rFire   . . .      SeeInvis .   a - +0 mace
rCold   . . .      Faith    .   (no shield)
rNeg    . . .      Spirit   .   (armour unavailable)
rPois   .          Reflect  .   (helmet restricted)
rElec   .          Harm     .   (no cloak)
rCorr   .          Rampage  .   d - +0 pair of gloves {Str+3}
Will    .....                   (no boots)
Stlth   ++........              (no amulet)
HPRegen 0.15/turn               g - +6 ring of strength
MPRegen 0.09/turn               (no ring)

@: lethally poisoned (-3 -> -27), attractive
A: AC +5, unfitting armour, cold-blooded
a: Renounce Religion, Potion Petition, Call Merchant, Bribe Branch


You were on level 4 of the Dungeon.
You worshipped Gozag.
Gozag was aware of your devotion.
You visited 1 branch of the dungeon, and saw 4 of its levels.

You collected 552 gold pieces.
You paid 260 gold pieces to Gozag.

Inventory:

Hand Weapons
 a - a +0 mace (weapon)
Armour
 d - a +0 pair of gloves of strength (worn)
Jewellery
 e - a ring of fire
 g - a +6 ring of strength (left hand)
Wands
 i - a wand of flame (12)
Scrolls
 f - a scroll of magic mapping
 h - a scroll of noise
Potions
 c - a potion of ambrosia {unknown}
 j - a potion of cancellation {unknown}


   Skills:
 - Level 3.8 Fighting
 + Level 5.6 Maces & Flails
 - Level 3.1 Dodging
 - Level 1.9 Stealth


You had 4 spell levels left.
You didn't know any spells.
Your spell library was empty.

Dungeon Overview and Level Annotations

Branches:
Dungeon (4/15)
 Temple: D:4-7

Altars:
Cheibriados
Gozag
Nemelex Xobeh

Annotations:
D:2 1 runed translucent door, Crazy Yiuf


Innate Abilities, Weirdness & Mutations

Your plain brown scales are hard. (AC +5)
You cannot fit into any form of body armour.
You are cold-blooded and may be slowed by cold attacks.


Message History

The scorpion closely misses you. The scorpion stings you.
You hit the scorpion but do no damage. You tail-slap the scorpion.
The scorpion is lightly wounded.
The scorpion stings you but does no damage.
You closely miss the scorpion.
The scorpion is lightly wounded.
The scorpion stings you. The scorpion barely misses you.
You barely miss the scorpion.
Your tail-slap misses the scorpion.
The scorpion is lightly wounded.
The scorpion stings you.
You are poisoned.
The scorpion poisons you!
You hit the scorpion but do no damage.
The scorpion is lightly wounded.
You feel very sick. The scorpion stings you.
You are lethally poisoned!
The scorpion poisons you!
You sock the scorpion!
The scorpion is heavily wounded.
You feel very sick. The scorpion stings you.
* * * LOW HITPOINT WARNING * * *
The scorpion stings you.
* * * LOW HITPOINT WARNING * * *
Okay, then.
Unknown command.
Unknown command.
You hit the scorpion.
The scorpion is severely wounded.
* * * LOW HITPOINT WARNING * * *
You feel very sick. The scorpion stings you.
* * * LOW HITPOINT WARNING * * *
You are more poisoned.
The scorpion poisons you!
It was a potion of attraction.
You feel attractive to monsters.
You die...
Your body crumbles into a pile of gold.

############ #####
#...........
*****#####...#####......<....
*,,,,.....)......#.##########
*,****##.(..@###.#.# *** *,*
*#.....s.##.#.# *,, *,*
#........##.#.########,*
**,**
#.............).......,,
*,,,*
#........####.########,*
***,,,**##...............#
***
*,,,,,,,*##...#######.##.#
*,,,,,,,* ####* #.#*,#
*,$,,,,,* ****#.#*,*


You could see a scorpion.

Vanquished Creatures
  Robin (D:3)
  2 adders (D:2)
  7 gnolls
  A worm (D:3)
  3 dart slugs
  An orc (D:3)
  7 ball pythons
  8 bats
  8 endoplasms
  A giant cockroach (D:2)
  18 goblins
  7 hobgoblins
  6 jackals
  8 kobolds
  A quokka (D:3)
  4 frilled lizards
  3 rats
86 creatures vanquished.

Notes
Turn   | Place    | Note
-------+----------+-------------------------------------------
     0 | D:1      | BeingJoeMalik the Draconian Monk began the quest for the
                  | Orb.
     0 | D:1      | Reached XP level 1. HP: 19/19 MP: 1/1
   141 | D:1      | Reached XP level 2. HP: 20/26 MP: 2/2
   482 | D:1      | Found a faded altar of an unknown god.
   504 | D:1      | Prayed at the altar of an unknown god.
   504 | D:1      | Became a worshipper of Gozag Ym Sagoz the Greedy
   598 | D:1      | Reached XP level 3. HP: 33/33 MP: 3/3
  1206 | D:2      | Reached skill level 4 in Maces & Flails
  1210 | D:2      | Reached XP level 4. HP: 23/40 MP: 4/4
  1893 | D:2      | Found a runed translucent door.
  1894 | D:2      | Noticed Crazy Yiuf
  2197 | D:3      | Noticed Robin
  2297 | D:3      | Found a large runed translucent door.
  2299 | D:3      | Found a large runed translucent door.
  2322 | D:2      | Reached skill level 5 in Maces & Flails
  2715 | D:3      | Reached XP level 5. HP: 44/46 MP: 5/5
  3203 | D:3      | Killed Robin
  3611 | D:3      | Found a snail-covered altar of Cheibriados.
  3614 | D:3      | Found a sparkling altar of Nemelex Xobeh.
  3687 | D:4      | HP: 2/46 [scorpion (4)]
  3688 | D:4      | Succumbed to a scorpion's poison

Illustrated notes

Levels and vault maps discovered:
D:1:      scummos_arrival_gate, layout_loops_ring, basic_ecumenical_altar
D:2:      layout_loops_ring, uniq_crazy_yiuf_cottage
D:3:      layout_basic, jmf_multi_god_temple2, uniq_robin
D:4:      layout_loops_ring, serial_shops, kennysheep_mini

Skill      XL: |  1  2  3  4 |
---------------+-------------+-----
Dodging        | 3 |  3.1
Maces & Flails | 4 5 |  5.6
Fighting       | |  3.8
Stealth        | |  1.9

Action                   |  1- 3 |  4- 6 || total
-------------------------+-------+-------++-------
Melee: Mace              |   101 |   153 ||   254
       Tailslap          |    11 |    20 ||    31
       Punch             |     2 |       ||     2
Invok: Potion Petition   |       |     1 ||     1
  Use: Scroll            |       |     2 ||     2
       Potion            |       |     1 ||     1
 Stab: Sleeping          |     2 |     8 ||    10
Armor: Skin              |    34 |    48 ||    82
Dodge: Dodged            |    91 |   102 ||   193
